 Dungeon Crawl Stone Soup version 0.20-b1-24-gb21faa7 (webtiles) character file.

9968 vatarom the Archer (level 11, -3/91 HPs)
             Began as a Centaur Hunter on May 25, 2017.
             Was a Priest of Hepliaklqana.
             Shot with a bolt by a yaktaur captain (37 damage)
             ... on level 10 of the Dungeon.
             The game lasted 00:27:27 (9069 turns).

vatarom the Archer (Centaur Hunter)                 Turns: 9069, Time: 00:27:28

Health: -3/91      AC:  7    Str: 14    XL:     11   Next: 30%
Magic:  10/12      EV: 14    Int: 12    God:    Hepliaklqana [***...]
Gold:   680        SH:  0    Dex: 14    Spells: 10/10 levels left

rFire    . . .     SeeInvis +   k - +0 longbow
rCold    . . .     Gourm    .   (shield currently unavailable)
rNeg     . . .     Faith    .   c - +1 leather armour
rPois    .         Spirit   .   v - +1 helmet {SInv}
rElec    .         Reflect  .   (no cloak)
rCorr    +         Harm     +   (no gloves)
MR       .....                  (no barding)
Stlth    +.........             u - amulet of harm
Regen    0.3/turn               h - ring of resist corrosion
MPRegen  0.2/turn               (no ring)

@: very quick
A: reduced essence, hooves 3, clever 1, deformed body, speed 2, tough skin 3,
sturdy frame 1
a: Recall Ancestor, Ancestor Identity, Transference, Renounce Religion


You were on level 10 of the Dungeon.
You worshipped Hepliaklqana.
Hepliaklqana was most pleased with you.
You were completely stuffed.

You visited 2 branches of the dungeon, and saw 11 of its levels.

You collected 680 gold pieces.

Inventory:

Hand Weapons
 b - a +0 short sword
 k - a +0 longbow (weapon)
Missiles
 d - 206 arrows (quivered)
Armour
 c - a +1 leather armour (worn)
 v - a +1 helmet of see invisible (worn)
Jewellery
 a - an uncursed amulet of guardian spirit {unknown}
 h - a ring of resist corrosion (left hand)
 m - an uncursed amulet of regeneration
 t - an uncursed amulet of rage
 u - an amulet of harm (around neck)
Wands
 r - a wand of flame (39/48)
Scrolls
 e - 4 scrolls of teleportation
 j - 6 scrolls of remove curse
 l - 3 scrolls of enchant weapon
 n - 12 scrolls of identify
 o - 2 scrolls of amnesia
 q - 2 scrolls of enchant armour
 w - a scroll of magic mapping
 x - a scroll of blinking
 y - a scroll of recharging {unknown}
Potions
 s - 3 potions of agility
 z - a potion of cancellation
Comestibles
 f - 7 bread rations
 g - 5 meat rations
 i - 11 royal jellies
 p - 5 fruits


   Skills:
 - Level 11.3 Fighting
 + Level 12.5 Bows
 - Level 8.0 Dodging
 - Level 0.4 Stealth
 * Level 2.5 Invocations


You had 10 spell levels left.
You didn't know any spells.

Dungeon Overview and Level Annotations

Branches:
Dungeon (10/15)            Temple (1/1) D:5            Lair (0/6) D:10
    Orc (0/2) D:9

Altars:
Ashenzari
Cheibriados
Dithmenos
Elyvilon
Fedhas
Gozag
Hepliaklqana
Kikubaaqudgha
Makhleb
Nemelex Xobeh
Okawaru
Qazlal
Ru
Sif Muna
Trog
Uskayaw
Vehumet
Xom
Yredelemnul
Zin
The Shining One


Innate Abilities, Weirdness & Mutations

You have hooves in place of feet.
Armour fits poorly on your strangely shaped body.
You cover ground very quickly.
You have extremely tough skin. (AC +3)
Your life essence is reduced. (-10% HP)
Your mind is acute. (Int +2)
Your movements are slightly less encumbered by armour. (ER -2)


Message History

Aim: a yaktaur captain, wielding an arbalest (severely wounded)
You shoot an arrow. The arrow hits the yaktaur captain!
The yaktaur captain is almost dead.
The yaktaur captain shoots a bolt.
The bolt completely misses you.
Firing (i - inventory):
d - 208 arrows (quivered)
Press: ? - help, Shift-Dir - straight line, f/p - yaktaur captain
Aim: a yaktaur captain, wielding an arbalest (almost dead)
You shoot an arrow.
The arrow hits the yaktaur captain but does no damage.
The yaktaur captain is almost dead.
The eye of draining gazes at you.
You feel your power leaking away.
Firing (i - inventory):
d - 207 arrows (quivered)
Press: ? - help, Shift-Dir - straight line, f/p - yaktaur captain
Aim: a yaktaur captain, wielding an arbalest (almost dead)
You shoot an arrow.
The arrow hits the yaktaur captain but does no damage.
The yaktaur captain is almost dead.
The yaktaur captain shoots a bolt.
The bolt hits you!!
You die...

...'.....R.......#.......#....#
...#.............#.......#....#
...#.......###'#.#....(.>#....#
...'.......#...#.#.......#....#
...#.......#...#.##......#....##
...#.......#...#..#......#.....#
############################...#
..............##############...#
.##.......##..##@(c()G)(.#(#...#
.##.8..########.#########(.#...##
....##........'.#:[+.cg..###.....
....##........'.#}$+GcZO.# #.....
.##.8..########.#########. #R....
.##.......##..##.. #.#.....
..............# ### ##.....
############### ###..... ..#....#
#.......


You could see a yaktaur captain and an eye of draining.

Vanquished Creatures
  A centaur warrior (D:9)
  A two-headed ogre (D:10)
  The ghost of torrenera the Firebug, an amateur DgFE (D:5)
  A hippogriff (D:9)
  Sigmund (D:2)
  A human (D:7)
  The ghost of FakerFangirl the Cudgeler, an amateur DrFi (D:3)
  4 hogs (D:7)
  Menkaure (D:6)
  Edmund (D:4)
  Duvessa (D:7)
  5 orc warriors
  3 phantoms
  2 ice beasts
  A necrophage (D:10)
  3 centaurs
  A big kobold (D:10)
  A wyvern skeleton (D:10)
  3 scorpions
  Dowan (D:7)
  3 wights (D:9)
  3 howler monkeys
  A bullfrog zombie (D:7)
  A centaur zombie (D:6)
  3 crimson imps
  2 quasits (D:9)
  A jelly (D:8)
  2 bullfrog skeletons
  3 hounds
  7 orc priests
  Crazy Yiuf (D:7)
  9 orc wizards
  A centaur skeleton (D:7)
  A battlemage (D:10)
  4 iguanas
  3 worker ants
  A hound skeleton (D:9)
  2 worker ant zombies
  5 adders
  A gnoll (D:10)
  2 shadow imps
  3 oozes
  An adder skeleton (D:8)
  2 leopard geckos
  59 orcs
  5 giant cockroaches
  4 goblins
  5 hobgoblins
  4 jackals (D:1)
  11 kobolds
  3 quokkas
  4 ball pythons
  3 bats
  4 frilled lizards
  3 rats
  A fungus (D:7)
202 creatures vanquished.

Vanquished Creatures (collateral kills)
  A centaur warrior (D:9)
  Erica (D:9)
  The ghost of MydosGodOfBeginnings the Basher, a novice DsCK of Xom (D:9)
  A hippogriff (D:10)
  A wyvern (D:8)
  A yak (D:10)
  An ice beast (D:9)
  5 orc warriors
  A hornet zombie (D:10)
  A phantom (D:10)
  An ogre (D:9)
  2 crocodiles (D:10)
  A big kobold (D:8)
  2 wights (D:9)
  2 hounds (D:9)
  3 orc priests
  7 orc wizards
  9 orcs
  2 jackals (D:9)
  3 kobolds (D:8)
46 creatures vanquished.

Vanquished Creatures (others)
  An orc priest (D:5)
  3 battlemagi
4 creatures vanquished.

Grand Total: 252 creatures vanquished

Notes
Turn   | Place    | Note
-------+----------+-------------------------------------------
     0 | D:1      | vatarom the Centaur Hunter began the quest for the Orb.
     0 | D:1      | Reached XP level 1. HP: 17/17 MP: 1/1
   119 | D:1      | Reached XP level 2. HP: 25/25 MP: 2/2
   560 | D:1      | Reached XP level 3. HP: 31/31 MP: 3/3
   912 | D:2      | Gained mutation: You are weak. (Str -2) [potion of mutation]
   912 | D:2      | Gained mutation: You are robust. (+10% HP) [potion of mutation]
   912 | D:2      | Gained mutation: You evolve. [potion of mutation]
   912 | D:2      | Gained mutation: Your movements are slightly less encumbered by armour. (ER -2) [potion of mutation]
  1058 | D:2      | Found a bloodstained altar of Trog.
  1121 | D:2      | Noticed Sigmund
  1149 | D:2      | Killed Sigmund
  1149 | D:2      | Reached skill level 5 in Fighting
  1149 | D:2      | Reached XP level 4. HP: 38/48 MP: 4/4
  1149 | D:2      | Reached XP level 5. HP: 44/55 MP: 5/5
  1659 | D:3      | Noticed FakerFangirl's ghost (amateur DrFi)
  1732 | D:3      | Killed FakerFangirl's ghost
  1732 | D:3      | Reached skill level 7 in Bows
  1732 | D:3      | Reached XP level 6. HP: 62/62 MP: 6/6
  2082 | D:4      | Found a shadowy altar of Dithmenos.
  2260 | D:4      | Reached skill level 8 in Bows
  2384 | D:4      | Reached XP level 7. HP: 59/68 MP: 7/7
  2592 | D:4      | Reached skill level 9 in Bows
  2695 | D:4      | Noticed Edmund
  2765 | D:4      | Killed Edmund
  2882 | D:4      | Lost mutation: You are weak. (Str -2) [evolution]
  3041 | D:5      | Entered Level 5 of the Dungeon
  3209 | D:5      | Found a staircase to the Ecumenical Temple.
  3213 | D:5      | Noticed torrenera's ghost (amateur DgFE)
  3224 | D:5      | Killed torrenera's ghost
  3224 | D:5      | Reached skill level 10 in Bows
  3224 | D:5      | Reached XP level 8. HP: 79/80 MP: 8/8
  3233 | Temple   | Entered the Ecumenical Temple
  3358 | Temple   | Became a worshipper of Hepliaklqana the Forgotten
  3958 | D:6      | Reached * piety under Hepliaklqana
  4131 | D:6      | Noticed Menkaure
  4136 | D:6      | Killed Menkaure
  4373 | D:6      | Gained mutation: You are clumsy. (Dex -2) [evolution]
  4373 | D:6      | Lost mutation: You evolve. [end of evolution]
  4708 | D:7      | Found an ancient bone altar of Kikubaaqudgha.
  4793 | D:7      | Found a stormy altar of Qazlal.
  4823 | D:7      | Noticed Dowan
  4832 | D:7      | Killed Dowan
  4881 | D:7      | Reached skill level 11 in Bows
  4894 | D:7      | Reached XP level 9. HP: 83/83 MP: 9/9
  4943 | D:7      | Noticed Duvessa
  4967 | D:7      | Killed Duvessa
  5217 | D:7      | Reached skill level 10 in Fighting
  5732 | D:7      | Found a deep blue altar of Sif Muna.
  5958 | D:7      | Found a runed door.
  5962 | D:7      | Noticed Crazy Yiuf
  6004 | D:7      | Killed Crazy Yiuf
  6073 | D:8      | Found a shimmering altar of Xom.
  6086 | D:8      | Reached skill level 12 in Bows
  6257 | D:8      | Found a burning altar of Makhleb.
  6260 | D:8      | Found a shimmering altar of Xom.
  6266 | D:8      | Found an iron altar of Okawaru.
  6266 | D:8      | Found an opulent altar of Gozag.
  6266 | D:8      | Found a radiant altar of Vehumet.
  6268 | D:8      | Found a glowing golden altar of the Shining One.
  6269 | D:8      | Found a basalt altar of Yredelemnul.
  6270 | D:8      | Found a hide-covered altar of Uskayaw.
  6859 | D:9      | Reached ** piety under Hepliaklqana
  6862 | D:9      | Remembered your ancestor D'karduk as a battlemage
  6896 | D:9      | Reached XP level 10. HP: 89/96 MP: 10/10
  6931 | D:9      | Noticed a centaur warrior
  6937 | D:9      | Killed a centaur warrior
  7083 | D:9      | Found a staircase to the Orcish Mines.
  7257 | D:9      | Noticed Erica
  7265 | D:9      | Killed Erica
  7265 | D:9      | Reached skill level 5 in Dodging
  7503 | D:9      | Noticed MydosGodOfBeginnings's ghost (novice DsCK)
  7510 | D:9      | Killed MydosGodOfBeginnings's ghost
  7713 | D:9      | Found a shimmering altar of Xom.
  7718 | D:9      | Noticed a centaur warrior
  7732 | D:9      | Killed a centaur warrior
  7732 | D:9      | Reached XP level 11. HP: 61/102 MP: 11/11
  8128 | D:10     | Entered Level 10 of the Dungeon
  8334 | D:10     | Found a staircase to the Lair.
  8673 | D:10     | Lost mutation: You are clumsy. (Dex -2) [potion of mutation]
  8673 | D:10     | Lost mutation: You are robust. (+10% HP) [potion of mutation]
  8673 | D:10     | Gained mutation: You are weak. (Str -2) [potion of mutation]
  8673 | D:10     | Lost mutation: You are weak. (Str -2) [potion of mutation]
  8673 | D:10     | Gained mutation: Your mind is acute. (Int +2) [potion of mutation]
  8776 | D:10     | Reached *** piety under Hepliaklqana
  8984 | D:10     | Noticed a yaktaur captain
  8984 | D:10     | Noticed a two-headed ogre
  8984 | D:10     | Noticed a yaktaur captain
  9003 | D:10     | Killed a two-headed ogre
  9069 | D:10     | Shot with a bolt by a yaktaur captain

Skill      XL: |  1  2  3  4  5  6  7  8  9 10 11 |
---------------+----------------------------------+-----
Fighting       | 3 5 7 9 11 | 11.3
Bows           | 7 8 10 11 12 | 12.5
Dodging        | 7 8 |  8.0
Invocations    | 2 |  2.5
Stealth        | |  0.4

Action                   |  1- 3 |  4- 6 |  7- 9 | 10-12 || total
-------------------------+-------+-------+-------+-------++-------
Melee: Short sword       |    24 |    33 |    16 |       ||    73
       Kick              |     5 |     7 |     7 |       ||    19
 Fire: Shortbow          |    67 |    88 |   429 |    16 ||   600
       Longbow           |       |       |       |   225 ||   225
Invok: Recall Ancestor   |       |       |     6 |     4 ||    10
       Ancestor Identity |       |       |     1 |       ||     1
       Ancestor Life: Ba |       |       |     1 |       ||     1
  Use: Scroll            |     7 |     2 |     3 |     3 ||    15
       Potion            |     4 |     1 |     6 |     4 ||    15
  Eat: Bread ration      |       |     1 |     1 |     2 ||     4
       Chunk             |       |       |     5 |     4 ||     9
Armor: Leather armour    |    12 |    20 |    32 |    20 ||    84
Dodge: Dodged            |    12 |    27 |    50 |    52 ||   141
